 Dungeon Crawl Stone Soup version 0.28-a0-239-g68911e0c57 (webtiles) character file.

Game seed: 7572959098512565966

55 Colgate the Scratcher (level 3, -5/17 HPs)
             Began as a Felid Fighter on Aug 23, 2021.
             Slain by a gnoll (6 damage)
             ... on level 2 of the Dungeon.
             The game lasted 00:01:20 (2035 turns).

Colgate the Scratcher (Felid Fighter)               Turns: 2035, Time: 00:01:21

Health: -5/17      AC:  1    Str: 12    XL:     3   Next: 67%
Magic:  4/4        EV: 18    Int:  9    God:
Gold:   40         SH:  0    Dex: 16    Spells: 2/2 levels left
                                        Lives:  0   Deaths: 0

rFire   . . .      SeeInvis +     - Unarmed
rCold   . . .      Faith    .   (shield unavailable)
rNeg    . . .      Spirit   .   (armour unavailable)
rPois   .          Reflect  .   (helmet unavailable)
rElec   .          Harm     .   (cloak unavailable)
rCorr   .          Rampage  .   (gloves unavailable)
Will    .....                   (boots unavailable)
Stlth   +.........              (no amulet)
HPRegen 0.05/turn               (no ring)
MPRegen 0.09/turn               (no ring)

@: quick
A: very small, claws 1, fangs 3, see invisible, speed 1, shaggy fur 1, stealthy
paws, no weapons or thrown items, no armour, multi-lived
a: no special abilities


You were on level 2 of the Dungeon.
You visited 1 branch of the dungeon, and saw 2 of its levels.

You collected 40 gold pieces.


Innate Abilities, Weirdness & Mutations

You have sharp claws.
You have razor-sharp teeth.
You have supernaturally acute eyesight. (SInv)
You cover ground quickly. (Speed+)
You are covered in fur. (AC +1)
Your paws help you pounce on unaware monsters.
You are incapable of wielding weapons or throwing items.
You cannot wear armour.
You gain extra lives every three experience levels.


   Skills:
 - Level 3.0 Fighting
 - Level 4.0 Dodging
 + Level 5.4 Unarmed Combat


You had 2 spell levels left.
You didn't know any spells.
Your spell library was empty.

Inventory:

Scrolls
 c - a scroll of teleportation {unknown}
Potions
 a - a potion of might
 b - a potion of magic {unknown}
 e - a potion of lignification {unknown}

Dungeon Overview and Level Annotations

Branches:
Dungeon (2/15)

Altars:


Message History

Things that are here:
a +0 short sword; a kobold corpse You open the door.
There is an open door here.
You open the door.
There is an open door here.
Found a thin runed staff.
Enter note: A ball python and 2 gnolls come into view.
The ball python hisses angrily.
The ball python closely misses you. x2
You completely miss the ball python. The ball python misses you.
The ball python grabs you. The ball python constricts you.
You claw the ball python!
You kill the ball python!
The gnoll shouts! x2; You hear a shout!
A gnoll comes into view. It is wielding a +0 halberd.
The gnoll closely misses you.
You barely miss the gnoll. The gnoll barely misses you.
The gnoll hits you with a +0 halberd!
Ouch! That really hurt!
You scratch the gnoll.
The gnoll is moderately wounded.
The gnoll barely misses you. The gnoll closely misses you.
You scratch the gnoll.
The gnoll is heavily wounded.
The gnoll hits you from afar with a +0 spear.
The gnoll misses you.
You claw the gnoll!
You kill the gnoll!
The gnoll misses you.
2032 ||| Stepping ~*~*~tactically~*~*~ (outnumbered).
The gnoll hits you with a +0 spear.
You closely miss the gnoll. You bite the gnoll, but do no damage.
The gnoll closely misses you.
You scratch the gnoll.
The gnoll is moderately wounded.
The gnoll hits you with a +0 spear.
You die...

.# |# .# .# .#
#.#.####.######
.....gg........
#@..# #.%.# #...#
######### #...#
#....)... #...#
#.######### #...#
#.###.....######...#
#.........'....'...#
..###)....######...#


You could see 2 gnolls.

Vanquished Creatures
  A gnoll (D:2)
  2 dart slugs (D:1)
  5 ball pythons
  2 bats (D:1)
  2 endoplasms
  A giant cockroach (D:1)
  3 goblins
  5 hobgoblins (D:1)
  4 jackals (D:1)
  2 kobolds
  5 quokkas (D:1)
  3 frilled lizards (D:1)
  A rat (D:1)
36 creatures vanquished.

Vanquished Creatures (others)
  A plant (D:1)
1 creature vanquished.

Grand Total: 37 creatures vanquished

Notes
Turn   | Place    | Note
-------+----------+-------------------------------------------
     0 | D:1      | Colgate the Felid Fighter began the quest for the Orb.
     0 | D:1      | Reached XP level 1. HP: 10/10 MP: 2/2
     0 | D:1      | 0 ||| counter = 25
   421 | D:1      | Found a faded altar of an unknown god.
   540 | D:1      | Reached XP level 2. HP: 14/14 MP: 3/3
  1336 | D:1      | Reached skill level 5 in Unarmed Combat
  1338 | D:1      | Reached XP level 3. HP: 8/17 MP: 4/4
  1891 | D:1      | 1891 ||| DROPPING amulet of the acrobat.
  1892 | D:1      | 1892 ||| READING scroll labelled OTHINI WAYMOTH.
  1893 | D:1      | 1893 ||| READING scroll labelled RIHAET ZOIKHLU.
  1894 | D:1      | 1894 ||| READING scroll labelled HOCESAQOCA.
  2030 | D:2      | HP: 2/17 [gnoll (4)]
  2032 | D:2      | 2032 ||| Stepping ~*~*~tactically~*~*~ (outnumbered).
  2035 | D:2      | Slain by a gnoll

Levels and vault maps discovered:
D:1:      minmay_arrival_statue_studded, layout_basic,
          shapermc_ecumenical_altar_gd
D:2:      layout_basic, minmay_shallow_snake_nest, uniq_crazy_yiuf_cottage

Skill      XL: |  1  2 |
---------------+-------+-----
Unarmed Combat | 5 |  5.4
Fighting       | |  3.0
Dodging        | |  4.0

Action                   || total
-------------------------++-------
Melee: Unarmed           ||   111
       Bite              ||     6
       Punch             ||     3
  Use: Scroll            ||     3
Armor: Skin              ||    10
Dodge: Dodged            ||    77

Table legend:
 A = Non-vault XP
 B = Vault XP
 C = Vault XP percentage of total XP
 D = Non-vault monster count
 E = Vault monster count
 F = Vault count percentage of total count
                 A         B        C        D         E       F
            +---------+---------+-------+---------+---------+-------
      Total |      79 |       0 |   0.0 |      36 |       0 |   0.0
            +---------+---------+-------+---------+---------+-------
        D:1 |      56 |       0 |   0.0 |      29 |       0 |   0.0
        D:2 |      23 |       0 |   0.0 |       7 |       0 |   0.0
            +---------+---------+-------+---------+---------+-------
